 Dungeon Crawl Stone Soup version 0.30.1-4-g462c640d31 (webtiles) character file.

Game seed: 5972906763178561184

15528 Gorgoleon the Earth Mage (level 12, -7/64 HPs)
             Began as a Gargoyle Earth Elementalist on Aug 19, 2023.
             Was an Elder of Vehumet.
             Mangled by a large slime creature (30 damage)
             ... on level 11 of the Dungeon.
             The game lasted 00:48:30 (14692 turns).

Gorgoleon the Earth Mage (GrEE)                    Turns: 14692, Time: 00:48:30

Health: -7/64      AC: 21    Str: 12    XL:     12   Next: 28%
Magic:  16/19      EV: 12    Int: 27    God:    Vehumet [****..]
Gold:   970        SH:  0    Dex: 12    Spells: 6/21 levels left

rFire   . . .        C - +10 hammer "Trog's Brutal Revenge" {drain, Dex+2}
rCold   . . .        (no shield)
rNeg    + . .        v - +0 acid dragon scales
rPois   ∞            (no helmet)
rElec   +            (no cloak)
rCorr   +            y - +0 pair of gloves
SInv    .            D - +0 pair of boots
Will    .....        (no amulet)
Stlth   ++           i - +4 ring of protection
HPRegen 0.30/turn    f - +6 ring of intelligence
MPRegen 0.16/turn

%: no passive effects
@: no status effects
A: sickness immunity, AC +8, negative energy resistance 1, electricity
resistance, torment resistance 1, petrification resistance
a: Renounce Religion


You were on level 11 of the Dungeon.
You worshipped Vehumet.
Vehumet was greatly pleased with you.
You visited 2 branches of the dungeon, and saw 13 of its levels.
You also visited: Ossuary.

You collected 970 gold pieces.

Inventory:

Hand Weapons
 m - a +0 whip
 p - a +0 hammer
 C - the +10 hammer "Trog's Brutal Revenge" (weapon) {drain, Dex+2}
   (You found it on level 3 of the Dungeon)

   Dex:       It affects your dexterity (+2).
Missiles
 e - a throwing net
Armour
 v - +0 acid dragon scales (worn)
 y - a +0 pair of gloves (worn)
 D - a +0 pair of boots (worn)
Jewellery
 f - a +6 ring of intelligence (right hand)
 i - a +4 ring of protection (left hand)
 u - the Hermit's Pendant {Faith Invo=14 Evo=0 MP+5}
   (You found it on level 5 of the Dungeon)

   [amulet of faith]

   Invo=14: It sets your Invocations skill to 14.
   Evo=0: It sets your Evocations skill to 0.
   It allows you to gain divine favour quickly.
   MP:        It affects your magic capacity (+5).
 J - a ring of fire
 N - an amulet of the acrobat
Wands
 F - a wand of iceblast (6)
 G - a wand of quicksilver (20)
 I - a wand of digging (4)
 L - a wand of flame (7)
 M - a wand of polymorph (4)
Scrolls
 a - 5 scrolls of identify
 d - 6 scrolls of blinking
 j - 4 scrolls of poison
 o - 2 scrolls of magic mapping
 q - 3 scrolls of vulnerability
 z - a scroll of silence
 A - 3 scrolls of teleportation
 E - 2 scrolls of immolation
 H - a scroll of fog
 K - a scroll of enchant armour
Potions
 b - a potion of magic
 c - 3 potions of ambrosia
 g - 3 potions of heal wounds
 h - 4 potions of lignification
 k - a potion of haste
 l - 6 potions of flight
 n - 9 potions of curing
 r - 2 potions of brilliance
 s - a potion of mutation
 t - a potion of berserk rage
 w - 2 potions of cancellation
 x - 2 potions of attraction
 B - a potion of invisibility
 O - a potion of might


   Skills:
 - Level 3.0 Fighting
 - Level 3.0 Armour
 - Level 3.0 Dodging
 - Level 2.1 Stealth
 - Level 5.0 Spellcasting
 * Level 11.4 Conjurations
 - Level 2.0 Transmutations
 * Level 5.3 Fire Magic
 * Level 6.0 Ice Magic
 - Level 15.0 Earth Magic


You had 6 spell levels left.
You knew the following spells:

 Your Spells              Type           Power      Damage    Failure   Level
a - Sandblast             Erth           100%       2d20      0%          1
b - Stone Arrow           Conj/Erth      100%       3d13      1%          3
c - Passwall              Tmut/Erth      42%        N/A       1%          2
d - Petrify               Tmut/Erth      51%        N/A       3%          4
e - Freeze                Ice            100%       1d10      1%          1
f - Flame Wave            Conj/Fire      51%        2d13      1%          4

Your spell library contained the following spells:

 Spells                   Type           Power      Damage    Failure   Level
 Ignite Poison            Fire/Tmut/Pois 20%        N/A       3%          3
 Sticky Flame             Conj/Fire      51%        2d7       1%          4
 Ozocubu's Armour         Ice            39%        N/A       2%          3
 Inner Flame              Hex/Fire       21%        N/A       3%          3
 Apportation              Tloc           12%        N/A       11%         1
 Necrotise                Necr           24%        1d5       11%         1
 Slow                     Hex            24%        N/A       11%         1
 Summon Small Mammal      Summ           24%        N/A       11%         1
 Borgnjor's Vile Clutch   Necr/Erth      23%        N/A       13%         5
 Confusing Touch          Hex            6%         N/A       30%         3
 Vampiric Draining        Necr           6%         2d6       30%         3
 Metabolic Englaciation   Hex/Ice        11%        N/A       63%         5
 Alistair's Intoxication  Tmut/Pois      8%         N/A       88%         5
 Eringya's Noxious Bog    Tmut/Pois      6%         N/A       92%         6
 Summon Forest            Summ/Tloc      3%         N/A       96%         5
 Summon Mana Viper        Hex/Summ       6%         N/A       96%         5
 Simulacrum               Ice/Necr       11%        N/A       99%         6
 Summon Cactus Giant      Summ           3%         N/A       100%        6
 Statue Form              Tmut/Erth      Unusable   N/A       N/A         6

Dungeon Overview and Level Annotations

Branches:
Dungeon (12/15)            Temple (1/1) D:4            Lair (0/5) D:9
    Orc (0/2) D:11        Ossuary (visited)

Altars:
Ashenzari
Cheibriados
Dithmenos
Elyvilon
Fedhas
Gozag
Hepliaklqana
Kikubaaqudgha
Makhleb
Nemelex Xobeh
Okawaru
Qazlal
Ru
Sif Muna
Trog
Vehumet
Wu Jian
Xom
Yredelemnul
Zin
The Shining One

Shops:
D:9 !

Annotations:
Temple 2 transporters


Innate Abilities, Weirdness & Mutations

You are immune to sickness and miasma.
Your stone body is resilient. (AC +8)
You are immune to poison.
You resist negative energy. (rN+)
You are resistant to electric shocks. (rElec)
You are resistant to unholy torment.
You are immune to petrification.


Message History

The slime creature hits you!
Found a glaive and 3 stones.
There is a stone staircase leading up here.
The slime creature hits you! The slime creature misses you.
Two slime creatures merge to form a large slime creature.
You climb upwards.
There is a stone staircase leading down here.
Aiming: Sandblast (safe; 0% risk of failure)
Press: ? - help, Q - select action, (/) - cycle Shift-Dir - straight line, f - slime creature
Aim: a slime creature (97% to hit)
The blast of sand hits the slime creature!!
The slime creature is moderately wounded.
The slime creature hits you but does no damage.
Aiming: Sandblast (safe; 0% risk of failure)
Press: ? - help, Q - select action, (/) - cycle Shift-Dir - straight line, f/p - slime creature
Aim: a slime creature (moderately wounded, 97% to hit)
The blast of sand hits the slime creature!!
The slime creature is severely wounded.
The slime creature barely misses you. The large slime creature hits you.
The slime creature closely misses you.
Aiming: Sandblast (safe; 0% risk of failure)
Press: ? - help, Q - select action, (/) - cycle Shift-Dir - straight line, f/p - slime creature
Aim: a slime creature (heavily wounded, 97% to hit)
The blast of sand hits the slime creature!!!
You kill the slime creature!
Vehumet accepts your kill.
The large slime creature hits you but does no damage.
Your Ice Magic skill increases to level 6!
Aiming: Sandblast (safe; 0% risk of failure)
Press: ? - help, Q - select action, (/) - cycle Shift-Dir - straight line, f - large slime creature
Aim: a large slime creature (97% to hit)
The blast of sand hits the large slime creature.
The large slime creature is lightly wounded.
The large slime creature hits you but does no damage.
The large slime creature hits you!
The large slime creature attacks as you move away!
The large slime creature hits you but does no damage.
The large slime creature attacks as you move away!
The large slime creature hits you!!
You die...

######## #......# ###
#.####.#
##.################ #.#
#.# #..J....>..........
##.# #.#
##@################ ...#
#.# #.# .### #.########.#
.# ######........######
.###....##########....##
.##......## ##......##
.#...##...######...##...#
.#..####..#....#..####..#
.#..####..#....#..####..#


You could see a large slime creature.

Vanquished Creatures
  A centaur warrior (D:11)
  2 boulder beetles (D:11)
  A two-headed ogre (D:11)
  A manticore (D:10)
  A cyclops (D:11)
  An elephant (D:9)
  A gargoyle (D:5)
  2 kobold demonologists (D:11)
  Psyche (D:7)
  2 unseen horrors (D:11)
  3 trolls (D:11)
  A hornet (D:11)
  A slime creature (D:11)
  A shadow (D:11)
  24 yaks
  5 wyverns
  2 basilisks (D:9)
  Grum (D:10)
  2 vampire mosquitoes (D:11)
  Menkaure (D:6)
  3 acid dragons
  A black bear (D:8)
  2 ice beasts (D:7)
  4 orc warriors
  A sky beast (D:7)
  An ogre (D:3)
  2 wolves (D:10)
  2 centaurs
  3 kobold brigands
  An elf zombie (D:4)
  5 bullfrogs
  A gnoll sergeant (D:8)
  2 scorpions
  2 elf skeletons (D:4)
  8 wights (D:8)
  14 killer bees
  4 howler monkeys
  A human zombie (D:4)
  3 hounds
  5 orc priests
  Crazy Yiuf (D:3)
  A jelly (D:3)
  A human skeleton (D:4)
  A sleepcap (D:6)
  3 iguanas
  4 orc wizards
  8 mummies (Ossuary)
  Robin (D:3)
  4 adders
  5 gnolls (D:8)
  A shadow imp (D:7)
  A white imp (D:7)
  2 ufetubi
  4 dart slugs
  36 orcs
  10 ball pythons
  4 bats
  7 endoplasms
  3 giant cockroaches
  15 goblins
  6 hobgoblins
  20 kobolds
  3 frilled lizards (D:1)
  A gnoll zombie (Ossuary)
  3 hobgoblin zombies (Ossuary)
  4 kobold zombies (Ossuary)
  An orc skeleton (D:4)
  3 rats
272 creatures vanquished.

Notes
Turn   | Place    | Note
-------+----------+-------------------------------------------
     0 | D:1      | Gorgoleon the Gargoyle Earth Elementalist began the quest
                  | for the Orb.
     0 | D:1      | Reached XP level 1. HP: 10/10 MP: 3/3
   326 | D:1      | Reached skill level 4 in Earth Magic
   386 | D:1      | Reached XP level 2. HP: 15/15 MP: 1/5
   465 | D:1      | Reached skill level 1 in Transmutations
  1626 | D:2      | Reached XP level 3. HP: 19/19 MP: 6/6
  1630 | D:2      | Learned a level 3 spell: Stone Arrow
  1633 | D:2      | Learned a level 2 spell: Passwall
  1675 | D:2      | Reached skill level 5 in Earth Magic
  2255 | D:3      | Reached XP level 4. HP: 24/24 MP: 3/7
  2308 | D:3      | Reached skill level 6 in Earth Magic
  2360 | D:3      | Noticed Robin
  2430 | D:3      | HP: 1/24 [orc priest/divine providence (13)]
  2432 | D:3      | Reached XP level 5. HP: 2/28 MP: 3/8
  2576 | D:3      | Found a runed translucent door.
  2577 | D:3      | Noticed Crazy Yiuf
  2794 | D:3      | Reached skill level 7 in Earth Magic
  3093 | D:3      | Killed Robin
  3258 | D:3      | Noticed an ogre
  3264 | D:3      | Killed an ogre
  3265 | D:3      | Reached skill level 8 in Earth Magic
  3265 | D:3      | Reached XP level 6. HP: 32/32 MP: 5/9
  3698 | D:4      | Found a staircase to the Ecumenical Temple.
  3738 | D:4      | Found a sand-covered staircase.
  3774 | Ossuary  | Entered an ossuary
  4012 | Ossuary  | Reached XP level 7. HP: 36/36 MP: 6/10
  4108 | Ossuary  | Learned a level 4 spell: Petrify
  4110 | Ossuary  | Reached skill level 9 in Earth Magic
  4441 | Temple   | Entered the Ecumenical Temple
  4441 | Temple   | Found a transporter.
  4441 | Temple   | Found a transporter.
  4443 | Temple   | Found a transporter.
  4443 | Temple   | Found a transporter.
  4473 | Temple   | Became a worshipper of Vehumet
  4647 | D:4      | Reached skill level 10 in Earth Magic
  4767 | D:4      | Found a glowing golden altar of the Shining One.
  5420 | D:5      | Entered Level 5 of the Dungeon
  5549 | D:5      | Found a stormy altar of Qazlal.
  5688 | D:5      | Found a bloodstained altar of Trog.
  5723 | D:5      | Found a shadowy altar of Dithmenos.
  5953 | D:5      | Reached XP level 8. HP: 36/41 MP: 8/11
  5956 | D:5      | Reached skill level 11 in Earth Magic
  6077 | D:5      | Found a faded altar of an unknown god.
  6077 | D:5      | Found the Hermit's Pendant {Faith Invo=14 Evo=0 MP+5}
  6078 | D:5      | Noticed a gargoyle
  6088 | D:5      | Killed a gargoyle
  6089 | D:5      | Reached skill level 12 in Earth Magic
  6248 | D:5      | Found a burning altar of Makhleb.
  6248 | D:5      | Found a hazy altar of Hepliaklqana.
  6672 | D:3      | Killed Crazy Yiuf
  6674 | D:3      | Identified the +10 hammer "Trog's Brutal Revenge" {drain,
                  | Dex+2}
  6852 | D:6      | Reached * piety under Vehumet
  6852 | D:6      | Offered knowledge of Freeze by Vehumet.
  6863 | D:6      | Learned a level 1 spell: Freeze
  7046 | D:5      | Reached skill level 13 in Earth Magic
  7144 | D:6      | Reached XP level 9. HP: 45/45 MP: 10/12
  7414 | D:6      | Noticed Menkaure
  7418 | D:6      | Killed Menkaure
  7567 | D:6      | Found a broken altar of Ashenzari.
  7952 | D:7      | Offered knowledge of Magic Dart by Vehumet.
  7953 | D:7      | Reached skill level 1 in Fighting
  7953 | D:7      | Reached skill level 1 in Armour
  7953 | D:7      | Reached skill level 1 in Conjurations
  7953 | D:7      | Reached skill level 1 in Ice Magic
  8017 | D:7      | Reached ** piety under Vehumet
  8265 | D:7      | You fall into a shaft and drop 2 floors!
  8317 | D:8      | Noticed Psyche
  8450 | D:7      | Reached skill level 14 in Earth Magic
  8962 | D:7      | Killed Psyche
  8988 | D:8      | Reached skill level 5 in Conjurations
  8988 | D:8      | Reached XP level 10. HP: 42/53 MP: 9/14
  9418 | D:8      | Offered knowledge of Poisonous Vapours by Vehumet.
  9658 | D:8      | Reached *** piety under Vehumet
  9993 | D:8      | Found an ornate altar of the Wu Jian Council.
 10743 | D:9      | Reached skill level 10 in Conjurations
 10748 | D:9      | Learned a level 4 spell: Flame Wave
 10843 | D:9      | Found a staircase to the Lair.
 10843 | D:9      | Noticed an elephant
 10848 | D:9      | Killed an elephant
 10854 | D:9      | Reached XP level 11. HP: 57/57 MP: 12/16
 10929 | D:9      | Found Lemolu's Distillery.
 11190 | D:9      | Reached skill level 1 in Fire Magic
 11194 | D:9      | Found a sparkling altar of Nemelex Xobeh.
 11429 | D:10     | Entered Level 10 of the Dungeon
 11462 | D:10     | Found a flagged portal.
 11631 | D:10     | Noticed Grum
 11656 | D:10     | Killed Grum
 11709 | D:10     | Offered knowledge of Ignite Poison by Vehumet.
 12088 | D:10     | Noticed a manticore
 12099 | D:10     | Killed a manticore
 12336 | D:10     | Reached skill level 5 in Spellcasting
 12860 | D:11     | Found a staircase to the Orcish Mines.
 12917 | D:11     | Noticed a boulder beetle
 13119 | D:11     | Found a blossoming altar of Fedhas.
 13342 | D:11     | Killed a boulder beetle
 13343 | D:11     | Reached skill level 15 in Earth Magic
 13587 | D:11     | Noticed a boulder beetle
 13721 | D:11     | Noticed a two-headed ogre
 13724 | D:11     | Killed a two-headed ogre
 13795 | D:11     | Reached skill level 5 in Ice Magic
 13795 | D:11     | Reached XP level 12. HP: 64/64 MP: 13/19
 13855 | D:11     | Reached **** piety under Vehumet
 13863 | D:11     | Killed a boulder beetle
 14108 | D:11     | Reached skill level 5 in Fire Magic
 14536 | D:12     | Noticed a centaur warrior
 14542 | D:11     | Killed a centaur warrior
 14692 | D:11     | Mangled by a large slime creature

Illustrated notes

Levels and vault maps discovered:
D:1:      minmay_arrival_wavy_path, layout_basic
D:2:      layout_loops_corners
D:3:      layout_loops_ring, uniq_robin, uniq_crazy_yiuf_cottage
D:4:      layout_loops_corners, nicolae_tso_carved_into_rock,
          minmay_temple_entry_slanted, nicolae_ossuary_entry_catacombs,
          chequers_serial_rivers_room_a
D:5:      layout_basic, lemuel_round_altar, gammafunk_temple_overflow_elements,
          mainiacjoe_overflow_two_lobes, hellmonk_guarded_unrand_hermit
D:6:      layout_rooms, ashenzari_conservatory_becter, uniq_menkaure
D:7:      nicolae_cairo_tiling_very_big, layout_loops_ring,
          kennysheep_opposing_triangles
D:8:      layout_layer_cave, nzn_wu_jian_council_hall, uniq_psyche
D:9:      layout_basic, marbit_many_paths, david_lair_generic, serial_shops,
          shop, chequers_mini_garden
D:10:     layout_loops_ring, enter_bailey_6, uniq_grum
D:11:     minmay_four_partial_circles, layout_loops_ring, david_orc_2,
          fedhas_altar_1
D:12:     layout_cave_pools, serial_shops, nicolae_shop_tiny_statue_garden,
          gammafunk_ghost_berserking_beasts
Temple:   hellmonk_temple_divided_pantheon

Skill      XL: |  1  2  3  4  5  6  7  8  9 10 11 12 |
---------------+-------------------------------------+-----
Earth Magic    | 4 5 6 8 10 13 14 15 | 15.0
Transmutations | 1 2 |  2.0
Fighting       | 2 3 |  3.0
Armour         | 2 3 |  3.0
Spellcasting   | 3 5 |  5.0
Conjurations   | 5 10 11 | 11.4
Ice Magic      | 3 5 6 |  6.0
Dodging        | 2 3 |  3.0
Fire Magic     | 4 5 |  5.3
Stealth        | |  2.1

Action                     |  1- 3 |  4- 6 |  7- 9 | 10-12 || total
---------------------------+-------+-------+-------+-------++-------
  Melee: Whip              |     6 |    99 |       |       ||   105
         Club              |     4 |       |       |       ||     4
         Dagger            |     1 |       |       |       ||     1
         Mace              |       |       |    10 |    19 ||    29
   Cast: Sandblast         |    40 |    57 |   155 |   238 ||   490
         Stone Arrow       |       |       |       |    30 ||    30
  Evoke: Wand              |       |       |     1 |       ||     1
    Use: Scroll            |       |     7 |    12 |     3 ||    22
         Potion            |       |       |    12 |       ||    12
   Stab: Sleeping          |     1 |       |       |       ||     1
 Armour: Leather armour    |     6 |    46 |    54 |       ||   106
         Skin              |     2 |       |       |       ||     2
         Acid dragon scale |       |       |       |   136 ||   136
  Dodge: Dodged            |    21 |    42 |    42 |   100 ||   205
